 Dungeon Crawl Stone Soup version 0.28.0-49-g6dfe1f597d (webtiles) character file.

Game seed: 8235069968702393976

5736 pkoi the Grappler (level 10, -14/81 HPs)
             Began as a Demigod Fighter on May 17, 2022.
             Engulfed by a cloud of flame (34 damage)
             ... on level 9 of the Dungeon.
             The game lasted 00:26:01 (10891 turns).

pkoi the Grappler (Demigod Fighter)                Turns: 10891, Time: 00:26:02

Health: -14/81     AC: 18    Str: 17    XL:     10   Next: 25%
Magic:  8/17       EV: 25    Int: 22    God:
Gold:   300        SH:  6    Dex: 19    Spells: 8/15 levels left

rFire   . . .      SeeInvis .   w - +4 spear (venom)
rCold   . . .      Faith    .   b - +0 buckler
rNeg    . . .      Spirit   .   r - +4 ring mail
rPois   .          Reflect  .   j - +2 hat
rElec   .          Harm     .   f - +0 cloak
rCorr   .          Rampage  .   z - +0 pair of gloves
Will    ++...                   (no boots)
Stlth   +.........              l - amulet of the acrobat
HPRegen 0.23/turn               x - ring of the Imp {Will+ Dex+6}
MPRegen 0.15/turn               I - +4 ring of protection

@: acrobatic, slowed, very slow
A: high MP 1, forlorn, divine attributes
a: no special abilities


You were on level 9 of the Dungeon.
You visited 2 branches of the dungeon, and saw 10 of its levels.
You also visited: Bailey.

You collected 333 gold pieces.
You spent 33 gold pieces at shops.

Inventory:

Hand Weapons
 e - a +2 hand axe of venom
 g - a +0 antimagic whip
 q - a +0 spear of electrocution
 w - a +4 spear of venom (weapon)
Missiles
 n - 8 javelins
 s - 2 poisoned darts
 y - 20 boomerangs (quivered)
Armour
 a - a +0 scale mail
 b - a +0 buckler (worn)
 f - a +0 cloak (worn)
 j - a +2 hat (worn)
 m - a +0 chain mail
 r - a +4 ring mail (worn)
 z - a +0 pair of gloves (worn)
 D - the +0 ring mail "Rionnuest" {rPois SInv}
   (You took it off an orc warrior in a bailey)

   rPois:     It protects you from poison.
   SInv:      It lets you see invisible.
 H - a +2 leather armour of cold resistance
Jewellery
 l - an amulet of the acrobat (around neck)
 x - the ring of the Imp (left hand) {Will+ Dex+6}
   (You found it on level 4 of the Dungeon)

   [ring of dexterity]

   Dex:       It affects your dexterity (+6).
   Will:      It increases your willpower.
 A - a ring of protection from cold
 G - a ring of positive energy
 I - a +4 ring of protection (right hand)
 J - an amulet of guardian spirit
Wands
 v - a wand of digging (10)
 E - a wand of flame (34)
Scrolls
 d - a scroll of silence
 h - 5 scrolls of identify
 i - a scroll of blinking
 u - a scroll of fear
 K - a scroll of teleportation
Potions
 c - 3 potions of might
 k - 2 potions of curing
 o - a potion of haste
 p - 2 potions of invisibility
 t - a potion of resistance
 B - a potion of brilliance
 C - 2 potions of flight
 F - a potion of heal wounds


   Skills:
 + Level 5.3 Fighting
 + Level 5.2 Armour
 - Level 6.0 Shields
 + Level 8.5 Unarmed Combat
 - Level 3.0 Spellcasting
 + Level 3.9 Hexes
 + Level 4.5 Summonings
 + Level 4.0 Fire Magic


You had 8 spell levels left.
You knew the following spells:

 Your Spells              Type           Power      Damage    Failure   Level
a - Summon Small Mammal   Summ           92%        N/A       4%          1
b - Call Canine Familiar  Summ           23%        N/A       13%         3
c - Inner Flame           Hex/Fire       20%        N/A       16%         3

Your spell library contained the following spells:

 Spells                   Type           Power      Damage    Failure   Level
 Summon Guardian Golem    Hex/Summ       21%        N/A       14%         3
 Beastly Appendage        Tmut           6%         N/A       26%         1
 Conjure Flame            Conj/Fire      12%        6-21      34%         3
 Wereblood                Tmut           3%         N/A       38%         2
 Ignite Poison            Fire/Tmut/Pois 9%         N/A       43%         3
 Cause Fear               Hex            10%        N/A       50%         4
 Frozen Ramparts          Ice            6%         1d2       63%         3
 Spider Form              Tmut/Pois      3%         N/A       63%         3
 Vampiric Draining        Necr           3%         2d6       63%         3
 Summon Ice Beast         Ice/Summ       13%        N/A       71%         4
 Sticky Flame             Conj/Fire      12%        2d4       75%         4
 Borgnjor's Vile Clutch   Necr/Erth      1%         N/A       100%        5
 Discord                  Hex            10%        N/A       100%        8


Dungeon Overview and Level Annotations

Branches:
Dungeon (9/15)             Temple (1/1) D:7            Lair (0/6) D:8
 Bailey (visited)
    Orc: D:9-12

Shops:
D:6 :   D:8 (?

Annotations:
D:8 2 transporters


Innate Abilities, Weirdness & Mutations

You have an increased reservoir of magic. (+10% MP)
You shall have no god before yourself.
Your divine heritage dramatically boosts your attributes as you level up.


Message History

The wraith misses you.
Your quokka bites the wraith but does no damage.
The wraith barely misses you.
Your quokka bites the wraith but does no damage.
You hit the wraith.
The wraith is lightly damaged.
Your bat hits the wraith.
Your bat hits the wraith but does no damage.
Your quokka bites the wraith but does no damage.
The wraith barely misses you.
Your bat hits the wraith but does no damage.
Your quokka bites the wraith but does no damage.
The wraith hits your quokka!
Your quokka's corpse disappears in a puff of smoke!
Your quokka explodes!
The fiery explosion engulfs your bat!!
Your bat's corpse disappears in a puff of smoke!
The fiery explosion engulfs the wraith!
The wraith is heavily damaged.
The fiery explosion engulfs you!!
* * * LOW HITPOINT WARNING * * *
Your bat explodes!
The fiery explosion engulfs the wraith!
The wraith is almost destroyed.
You hear a shout!
Unknown command.
Unknown command.
A centaur comes into view.
The wraith is engulfed in blazing flames.
You destroy the wraith!
Your Fire Magic skill increases to level 4!
Really walk into that cloud of flame?
You are engulfed in blazing flames.
* * * LOW HITPOINT WARNING * * *
The centaur wields a +0 shortbow.
The centaur shoots an arrow.
The arrow hits you.
* * * LOW HITPOINT WARNING * * *
There is a stone staircase leading up, spattered with blood here.
You are engulfed in blazing flames.
You die...

################
....§§§@........
.....§.§........
.....§.§........
................
###########.....
..c.. .... ....


You could see a centaur.

Vanquished Creatures
  Erica (D:8)
  Pikel (D:7)
  Joseph (D:7)
  Maggie (D:7)
  A wyvern (D:8)
  A yak (D:8)
  A shadow (D:7)
  A wraith (D:9)
  A basilisk (D:8)
  Grum (D:8)
  2 acid dragons
  2 water moccasins
  5 orc warriors
  2 ice beasts
  A sky beast (D:8)
  2 centaurs
  A necrophage (D:6)
  2 wolves (D:8)
  3 ogres
  3 lemures (D:7)
  A gnoll sergeant (D:8)
  3 scorpions
  4 wights (D:8)
  A howler monkey (D:8)
  2 centaur zombies (D:8)
  A centaur skeleton (D:6)
  A jelly (D:6)
  Crazy Yiuf (D:7)
  An orc priest (D:7)
  2 hounds (D:5)
  3 iguanas
  6 orc wizards
  A hound zombie (D:5)
  A howler monkey skeleton (D:7)
  7 adders
  6 gnolls
  2 shadow imps (D:7)
  3 white imps (D:6)
  An ufetubus (D:6)
  2 adder skeletons
  A worm (D:4)
  36 orcs
  5 ball pythons
  4 endoplasms
  5 giant cockroaches
  9 goblins
  7 hobgoblins
  3 jackals (D:4)
  3 quokkas
  2 bats (D:2)
  A frilled lizard (D:2)
  11 kobolds
  6 rats
175 creatures vanquished.

Vanquished Creatures (collateral kills)
  A basilisk (D:8)
  An orc (D:8)
2 creatures vanquished.

Grand Total: 177 creatures vanquished

Notes
Turn   | Place    | Note
-------+----------+-------------------------------------------
     0 | D:1      | pkoi the Demigod Fighter began the quest for the Orb.
     0 | D:1      | Reached XP level 1. HP: 18/18 MP: 3/3
   121 | D:1      | Reached skill level 2 in Unarmed Combat
   465 | D:2      | Reached XP level 2. HP: 25/25 MP: 4/4
   822 | D:2      | Reached skill level 3 in Unarmed Combat
   822 | D:2      | Reached XP level 3. HP: 19/30 MP: 5/5
   824 | D:2      | Identified the +1 robe "Benkiwi" {Rampage}
  1839 | D:3      | Reached XP level 4. HP: 27/37 MP: 6/6
  2873 | D:3      | Reached skill level 4 in Unarmed Combat
  3052 | D:4      | Identified the ring of the Imp {Will+ Dex+6}
  3093 | D:4      | Reached XP level 5. HP: 34/42 MP: 7/7
  3317 | D:4      | Noticed an ogre
  3336 | D:4      | Killed an ogre
  3655 | D:4      | Reached skill level 5 in Unarmed Combat
  3672 | D:4      | Reached XP level 6. HP: 46/50 MP: 8/8
  3730 | D:5      | Entered Level 5 of the Dungeon
  3753 | D:5      | Noticed an acid dragon
  3769 | D:5      | Killed an acid dragon
  3770 | D:5      | Noticed a troll
  4133 | D:5      | Learned a level 1 spell: Summon Small Mammal
  4137 | D:5      | Learned a level 3 spell: Call Canine Familiar
  4949 | D:6      | Found Winef's Book Emporium.
  4953 | D:6      | Noticed a water moccasin
  5087 | D:6      | Killed a water moccasin
  5088 | D:6      | Reached skill level 1 in Summonings
  5088 | D:6      | Reached XP level 7. HP: 45/57 MP: 9/11
  5179 | D:6      | Reached skill level 6 in Unarmed Combat
  5179 | D:6      | Reached skill level 1 in Spellcasting
  5377 | D:6      | Reached skill level 5 in Shields
  5621 | D:6      | Learned a level 3 spell: Inner Flame
  5907 | D:6      | Reached XP level 8. HP: 63/63 MP: 13/13
  6040 | D:7      | Noticed Joseph
  6075 | D:7      | Killed Joseph
  6076 | D:7      | Reached skill level 1 in Hexes
  6076 | D:7      | Reached skill level 1 in Fire Magic
  6213 | D:7      | Noticed Pikel
  6239 | D:7      | Reached skill level 7 in Unarmed Combat
  6288 | D:7      | Killed Pikel
  6303 | D:7      | Found a flagged portal.
  6359 | Bailey   | Entered a bailey
  6370 | Bailey   | Noticed an orc knight
  6511 | Bailey   | Identified the +0 ring mail "Rionnuest" {rPois SInv}
  6532 | Bailey   | Reached XP level 9. HP: 32/71 MP: 16/16
  7504 | D:7      | Got the Grimoire of Ice and Stolen Souls
  7532 | D:7      | Found a runed translucent door.
  7533 | D:7      | Noticed Crazy Yiuf
  7659 | D:7      | Noticed Maggie
  7738 | D:7      | Killed Maggie
  8093 | D:7      | Found a staircase to the Ecumenical Temple.
  8468 | Temple   | Entered the Ecumenical Temple
  8751 | D:7      | Killed Crazy Yiuf
  9058 | D:8      | Noticed Erica
  9063 | D:8      | Reached skill level 8 in Unarmed Combat
  9063 | D:8      | Killed Erica
  9436 | D:8      | Found a staircase to the Lair.
  9446 | D:8      | Reached skill level 5 in Fighting
  9446 | D:8      | Reached XP level 10. HP: 69/81 MP: 10/17
  9788 | D:8      | Noticed Grum
  9798 | D:8      | Killed Grum
  9799 | D:8      | Reached skill level 5 in Armour
  9995 | D:8      | Found a transporter.
 10054 | D:8      | Found a transporter.
 10371 | D:8      | Found Uleam's Weapon Shoppe.
 10426 | D:8      | Found Oqih's Magic Scroll Shop.
 10707 | D:8      | Bought a scroll of teleportation for 33 gold pieces
 10891 | D:9      | Engulfed by a cloud of flame

Illustrated notes

Levels and vault maps discovered:
D:1:      lemuel_arrival_behind_the_door_small, layout_rooms,
          hellmonk_ecumenical_altar_heavens_door,
          hangedman_abyss_or_decor_lesser_grid
D:2:      layout_basic, st_stairs_9
D:3:      layout_loops_ring, mainiacjoe_overflow_tiny_flanked
D:4:      layout_basic
D:5:      layout_rooms, kennysheep_flooded_box
D:6:      layout_cave_pools, serial_shops, nicolae_shop_window_shopping
D:7:      layout_loops_ring, minmay_temple_entry_poolview, enter_bailey_4,
          nicolae_fountain_basement, uniq_pikel, uniq_joseph, uniq_maggie,
          uniq_crazy_yiuf_cottage
D:8:      gammafunk_wand_slinger, layout_loops_cross, david_lair_generic,
          serial_shops, nicolae_shop_bloodbath_and_beyond,
          nicolae_shop_window_shopping, uniq_grum, uniq_erica
D:9:      layout_grid_maze, worms_lemuel, uniq_prince_ribbit1
Temple:   compressed_dpeg_circular_temple

Skill      XL: |  1  2  3  4  5  6  7  8  9 10 |
---------------+-------------------------------+-----
Unarmed Combat | 2 3 4 5 6 7 8 |  8.5
Shields        | 3 4 5 6 |  6.0
Fighting       | 3 4 5 |  5.3
Summonings     | 1 2 3 4 |  4.5
Spellcasting   | 1 2 3 |  3.0
Armour         | 3 4 5 |  5.2
Hexes          | 2 3 |  3.9
Fire Magic     | 2 3 4 |  4.0

Action                   |  1- 3 |  4- 6 |  7- 9 | 10-12 || total
-------------------------+-------+-------+-------+-------++-------
Melee: Hand axe          |    73 |    36 |       |       ||   109
       Unarmed           |     2 |       |       |       ||     2
       Spear             |       |   128 |   264 |    14 ||   406
Throw: Dart              |       |       |     2 |       ||     2
       Boomerang         |       |       |     8 |       ||     8
 Cast: Summon Small Mamm |       |       |     8 |     7 ||    15
       Inner Flame       |       |       |    14 |    18 ||    32
  Use: Scroll            |       |    12 |     6 |     1 ||    19
       Potion            |       |     1 |       |       ||     1
 Stab: Sleeping          |       |       |     1 |       ||     1
Armor: Scale mail        |    16 |       |       |       ||    16
       Chain mail        |    18 |    87 |       |       ||   105
       Ring mail         |       |       |    85 |     8 ||    93
Dodge: Dodged            |    32 |    64 |   159 |    15 ||   270
Block: Buckler           |    19 |    38 |    88 |     7 ||   152
